 Dungeon Crawl Stone Soup version 0.29-a0-319-gad05b8d819 (webtiles) character file.

Game seed: 13902546731535288214

103 Flugkiller the Skirmisher (level 4, -6/46 HPs)
             Began as a Mayflytaur Chaos Knight on Apr 1, 2022.
             Was a Plaything of Xom.
             Mangled by a mummy (24 damage)
             ... in an ossuary.
             The game lasted 00:05:44 (895 turns).

Flugkiller the Skirmisher (Mayflytaur Chaos Knight)  Turns: 895, Time: 00:05:45

Health: -6/46      AC:  6    Str: 13    XL:     4   Next: 79%
Magic:  5/5        EV: 11    Int: 16    God:    Xom [...*..]
Gold:   105        SH:  0    Dex: 13    Spells: 3/3 levels left

rFire   . . .      SeeInvis .   a - +0 hand axe (chaos)
rCold   . . .      Faith    .   (no shield)
rNeg    . . .      Spirit   .   b - +2 leather armour
rPois   .          Reflect  .   (no helmet)
rElec   .          Harm     .   (no cloak)
rCorr   .          Rampage  .   h - +0 pair of gloves
Will    .....                   (no boots)
Stlth   +.........              (no amulet)
HPRegen 0.15/turn               (no ring)
MPRegen 0.09/turn               (no ring)

@: flying, bezotted
A: damage resistance, big wings, sense surroundings 1, short lifespan
a: Renounce Religion


You were in an ossuary.
You worshipped Xom.
You were a favourite toy of Xom.
You visited 1 branch of the dungeon, and saw 5 of its levels.
You also visited: Ossuary.

You collected 105 gold pieces.

Inventory:

Hand Weapons
 a - a +0 hand axe of chaos (weapon)
Missiles
 g - 41 stones
 n - 4 boomerangs (quivered)
Armour
 b - a +2 leather armour (worn)
 h - a +0 pair of gloves (worn)
   (You found it on level 1 of the Dungeon)
Scrolls
 i - a scroll of enchant armour {unknown}
 m - a scroll of immolation {unknown}
 t - 2 scrolls of teleportation
Potions
 d - 2 potions of curing {unknown}
 e - a potion of mutation {unknown}
 f - 3 potions of might {unknown}
 j - a potion of attraction {unknown}
 k - 2 potions of lignification {unknown}
 l - a potion of invisibility {unknown}
 o - a potion of berserk rage {unknown}
 p - a potion of degeneration {unknown}
Miscellaneous
 c - a piece from Xom's chessboard (12/15)


   Skills:
 - Level 5.0 Fighting
 - Level 3.2 Axes
 - Level 2.1 Armour
 - Level 1.1 Dodging
 + Level 3.3 Unarmed Combat


You had 3 spell levels left.
You didn't know any spells.
Your spell library contained the following spells:

 Spells                   Type           Power      Damage    Failure   Level
 Sublimation of Blood     Necr           0%         N/A       43%         2
 Petrify                  Tmut/Erth      0%         N/A       97%         4
 Irradiate                Conj/Tmut      0%         3d13      100%        5
 Metabolic Englaciation   Hex/Ice        0%         N/A       100%        5
 Statue Form              Tmut/Erth      0%         N/A       100%        6


Dungeon Overview and Level Annotations

Branches:
Dungeon (5/15)            Ossuary (1/1)
 Temple: D:4-7

Altars:

Annotations:
D:5 1 runed translucent door, jt's ghost, weakling MyDe


Innate Abilities, Weirdness & Mutations

You are resistant to damage.
Your large and strong wings let you fly.
You passively map a small area around you.
You are easily found by Zot.


Message History

Found a bone wand.
The adder hisses angrily.
Jt's ghost turns its malevolent gaze towards you.
Press: ? - help, v - describe, . - travel, g - get item Item here: a bone wand.
A collapsed entrance.
Unknown command.
Unknown command.
Unknown command.
Unknown command.
Unknown command.
Okay, then.
You hear the slow hiss of a distant avalanche of sand.
Found a halberd and 19 stones.
g - 41 stones (gained 19)
Okay, then.
Found a stone staircase leading down.
Found a sand-covered staircase.
Found 9 gold pieces.
There is an empty arch of ancient stone here.
There is a sand-covered staircase here.
The world spins around you as you enter the gateway.
You enter an ossuary!
Found a gate leading back out of this place.
There is an empty arch of ancient stone here.
You reach down and open the door.
A goblin skeleton comes into view.
There is an open door here.
The goblin skeleton barely misses you.
You slash the goblin skeleton!
You destroy the goblin skeleton!
No target in view!
You reach down and open the door.
A gnoll skeleton and a mummy come into view.
Found a scroll labelled MIRONW MONUORR.
There is an open door here.
You hit the gnoll skeleton.
The gnoll skeleton is moderately damaged.
The gnoll skeleton hits you.
You hit the gnoll skeleton but do no damage.
Lightning courses through the gnoll skeleton!
You destroy the gnoll skeleton!
You make a move on Xom's chessboard...
The mummy seems to slow down.
Unknown command.
Unknown command.
Throw: 4 boomerangs
Press: ? - help, Q - select action, (/) - cycle Shift-Dir - straight line, f - mummy
Aim: a mummy (slow, 74% to hit)
You throw a boomerang.
The boomerang hits the mummy but does no damage.
Throw: 4 boomerangs
Press: ? - help, Q - select action, (/) - cycle Shift-Dir - straight line, f/p - mummy
Aim: a mummy (slow, 74% to hit)
You throw a boomerang.
The boomerang hits the mummy but does no damage.
Throw: 4 boomerangs
Press: ? - help, Q - select action, (/) - cycle Shift-Dir - straight line, f/p - mummy
Aim: a mummy (slow, 74% to hit)
You throw a boomerang. The boomerang hits the mummy.
The mummy is lightly damaged.
You hit the mummy.
Space warps horribly around the mummy!!
You destroy the mummy!
Your piece from Xom's chessboard (14/15) has regained one charge.
Your Unarmed Combat skill increases to level 3!
m - a scroll labelled MIRONW MONUORR You reach down and open the door.
There is an open door here.
You reach down and open the door.
A mummy comes into view.
Found a black potion.
You make a move on Xom's chessboard...
The mummy seems to speed up.
You make a move on Xom's chessboard...
The mummy is unaffected.
You hit the mummy but do no damage. The mummy closely misses you.
You barely miss the mummy. The mummy hits you.
You hit the mummy. You burn the mummy.
The mummy is lightly damaged.
The mummy completely misses you.
You hit the mummy.
The mummy is moderately damaged.
The mummy hits you but does no damage.
You hit the mummy but do no damage.
The mummy easily resists.
The mummy is moderately damaged.
The mummy hits you!
You hit the mummy.
The mummy suddenly seems more agile.
The mummy is moderately damaged.
The mummy completely misses you.
You barely miss the mummy.
The mummy is moderately damaged.
The mummy hits you!
You barely miss the mummy.
The mummy is moderately damaged.
The mummy hits you!
You barely miss the mummy.
The mummy is moderately damaged.
The mummy barely misses you.
You slash the mummy!
The mummy seems to grow stronger.
The mummy is severely damaged.
The mummy hits you!!
Ouch! That really hurt!
You die...

#..###+##
** ##.##
#..# *
##.## ,
#..# **
##.# * ,
* #'#
++#*
#.##...#
#.@M.!.+
*
####...#
* +## * ,
, * * * *
* * , *,
, * * **


You could see a mummy (fast, strong, agile).

Vanquished Creatures
  A hound (D:5)
  A mummy (Ossuary)
  2 gnolls (D:2)
  A worm (D:3)
  5 orcs (D:4)
  2 bats (D:1)
  2 endoplasms (D:2)
  A giant cockroach (D:1)
  A goblin (D:2)
  4 hobgoblins
  4 jackals (D:1)
  A quokka (D:2)
  A gnoll skeleton (Ossuary)
  A goblin skeleton (Ossuary)
  2 kobolds (D:1)
  4 rats
33 creatures vanquished.

Notes
Turn   | Place    | Note
-------+----------+-------------------------------------------
     0 | D:1      | Flugkiller the Mayflytaur Chaos Knight began the quest for
                  | the Orb.
     0 | D:1      | Reached XP level 1. HP: 21/21 MP: 2/2
   128 | D:2      | Reached XP level 2. HP: 29/30 MP: 3/3
   196 | D:1      | Glimpsed the power of Zot.
   229 | D:1      | Reached skill level 4 in Fighting
   264 | D:1      | XOM: silly message
   396 | D:2      | Reached XP level 3. HP: 30/37 MP: 4/4
   408 | D:2      | Reached skill level 5 in Fighting
   408 | D:2      | XOM: cloud trail
   732 | D:4      | Noticed a scorpion
   746 | D:4      | Reached skill level 1 in Unarmed Combat
   748 | D:4      | Reached XP level 4. HP: 40/46 MP: 5/5
   767 | D:4      | XOM: chaos upgrade
   768 | D:5      | Entered Level 5 of the Dungeon
   797 | D:5      | Found a runed translucent door.
   798 | D:5      | Noticed jt's ghost (weakling MyDe)
   848 | D:5      | Found a sand-covered staircase.
   855 | Ossuary  | Entered an ossuary
   895 | Ossuary  | Mangled by a mummy

Illustrated notes

Levels and vault maps discovered:
D:1:      dpeg_arrival_rhombus, layout_basic
D:2:      minmay_door_path, layout_basic, moated_statue
D:3:      layout_loops_corners
D:4:      layout_loops_ring, eino_small_chamber_without_monster, uniq_eustachio
D:5:      layout_basic, chequers_ossuary_entry_cave, ebering_ghost_sewer_f,
          chequers_decorated_corner
Ossuary:  ossuary_due_small_catacomb

Skill      XL: |  1  2  3  4 |
---------------+-------------+-----
Fighting       | 4 5 |  5.0
Unarmed Combat | 1 3 |  3.3
Axes           | |  3.2
Armour         | |  2.1
Dodging        | |  1.1

Action                   |  1- 3 |  4- 6 || total
-------------------------+-------+-------++-------
Melee: Hand axe          |    80 |    29 ||   109
       Punch             |     3 |       ||     3
Throw: Boomerang         |       |     3 ||     3
Evoke: Piece from Xom's  |     4 |     3 ||     7
  Use: Scroll            |     1 |       ||     1
 Stab: Petrified         |    12 |       ||    12
       Confused          |     1 |       ||     1
       Petrifying        |     1 |       ||     1
Armor: Leather armour    |    49 |    12 ||    61
Dodge: Dodged            |    72 |     8 ||    80

Table legend: (Time is in decaauts)
 A = Elapsed time spent in this place.
 B = Non-inter-level travel time spent in this place.
 C = Inter-level travel time spent in this place.
 D = Time resting spent in this place.
 E = Time spent auto-exploring this place.
 F = Levels seen in this place.
 G = Mean time per level.
                   A        B        C        D        E       F      G
               +--------+--------+--------+--------+--------+-----+--------+
         Total |    912 |    912 |      0 |      0 |      0 |   6 |  152.0 |
       Dungeon |    870 |    870 |      0 |      0 |      0 |   5 |  174.0 |
       Ossuary |     42 |     42 |      0 |      0 |      0 |   1 |   42.0 |
               +--------+--------+--------+--------+--------+-----+--------+

Top non-repeatable levels by time:
     D:2: 297 daAuts
     D:1: 230 daAuts
     D:3: 216 daAuts
     D:5: 88 daAuts
 Ossuary: 42 daAuts
     D:4: 37 daAuts
